 Dungeon Crawl Stone Soup version 0.26.0-10-g1f06aea511 (webtiles) character file.

Game seed: 2204799463366937949

40 inc the Vexing (level 3, -1/14 HPs)
             Began as a Felid Enchanter on Jan 29, 2021.
             Killed from afar by Natasha (6 damage)
             ... with a magic dart
             ... on level 2 of the Dungeon.
             The game lasted 00:02:44 (2408 turns).

inc the Vexing (Felid Enchanter)                    Turns: 2408, Time: 00:02:44

Health: -1/14      AC:  1    Str:  4    XL:     3   Next: 30%
Magic:  2/7        EV: 18    Int: 16    God:
Gold:   52         SH:  0    Dex: 17    Spells: 3/6 levels left
                                        Lives:  0   Deaths: 0

rFire    . . .     SeeInvis +     - Unarmed
rCold    . . .     Faith    .   (shield unavailable)
rNeg     . . .     Spirit   .   (armour unavailable)
rPois    .         Reflect  .   (helmet unavailable)
rElec    .         Harm     .   (cloak unavailable)
rCorr    .         Rampage  .   (gloves unavailable)
Will     .....                  (boots unavailable)
Stlth    +++.......             (no amulet)
HPRegen  0.04/turn              (no ring)
MPRegen  0.10/turn              (no ring)

@: quick
A: very small, no armour, no weapons or thrown items, stealth, claws 1, fangs 3,
see invisible, speed 1, shaggy fur 1, sharp paws
a: no special abilities


You were on level 2 of the Dungeon.
You visited 1 branch of the dungeon, and saw 2 of its levels.

You collected 52 gold pieces.

Inventory:

Jewellery
 d - an uncursed ring of see invisible {unknown}
 g - a cursed ring of attention {unknown}
Scrolls
 a - a scroll of fog {unknown}
 c - 3 scrolls of remove curse {unknown}
 e - a scroll of random uselessness {unknown}
 f - 3 scrolls of identify {unknown}
 h - a scroll of enchant armour {unknown}
Potions
 b - a potion of heal wounds {unknown}


   Skills:
 - Level 2.6 Dodging
 - Level 4.0 Stealth
 + Level 3.3 Unarmed Combat
 - Level 2.0 Spellcasting
 - Level 4.4 Hexes


You had 3 spell levels left.
You knew the following spells:

 Your Spells              Type           Power        Failure   Level
a - Corona                Hex            16%          3%          1
b - Ensorcelled Hibernat  Hex/Ice        16%          13%         2

Your spell library contained the following spells:

 Spells                   Type           Power        Failure   Level
 Confusing Touch          Hex            15%          11%         3
 Tukima's Dance           Hex            15%          11%         3
 Dazzling Flash           Conj/Hex       16%          26%         3


Dungeon Overview and Level Annotations

Branches:
Dungeon (2/15)

Altars:

Annotations:
D:2 Natasha


Innate Abilities, Weirdness & Mutations

You cannot wear armour.
You are incapable of wielding weapons or throwing items.
Your paws allow you to move quietly. (Stealth)
You have sharp claws.
You have razor-sharp teeth.
You have supernaturally acute eyesight. (SInv)
You cover ground quickly.
You are covered in fur. (AC +1)
Your sharp claws are effective at attacking unaware monsters.


Message History

The magic dart hits you.
Casting: Ensorcelled Hibernation (safe; 13% risk of failure)
Confirm with . or Enter, or press ? or * to list all spells.
Aiming: Ensorcelled Hibernation (safe; 13% risk of failure)
Press: ? - help, Shift-Dir - straight line, f/p - Natasha
Aim: Natasha (chance to affect: 39%)
The rat looks drowsy...
You pounce on the unaware helpless rat!
You mangle the rat!!
You kill the rat!
Casting: Ensorcelled Hibernation (safe; 13% risk of failure)
Confirm with . or Enter, or press ? or * to list all spells.
You don't have enough magic to cast that spell.
Natasha stares at you and mumbles some strange words.
The magic dart hits you.
The shadow imp shouts, "Bolt, thou yeasty tickle-brained beggar!"
Natasha wildly gestures.
Natasha's front paws start to glow.
Natasha casts a spell at you. The magic dart hits you.
You die...

......##.#...........#........##.
....#.##.#...........#........##.
....#.##.##....).....#........##.
..#.#.##.##..###'#'####+########.
#.#.#.##.###.# #.#.# #.
#.#.#.##.# #.###.#.# #.
#.#'#....# #..##.#.# #.
#....##### #...#.#.# #. #....#
#...#@#.# #. .....# #...#.#.# ##
#....# #...#.#.# .(...# #...5h#.#
#<...# ####..#.# ##...# #..#.#
.....# ##.#.# #.#'## #...# #.#.#
#...#


You could see Natasha and a shadow imp (summoned).

Vanquished Creatures
  A gnoll (D:1)
  A leopard gecko (D:1)
  2 bats (D:1)
  A giant cockroach (D:2)
  6 goblins
  6 hobgoblins
  2 kobolds
  A frilled lizard (D:2)
  8 rats
28 creatures vanquished.

Vanquished Creatures (others)
  2 plants (D:2)
2 creatures vanquished.

Grand Total: 30 creatures vanquished

Notes
Turn   | Place    | Note
-------+----------+-------------------------------------------
     0 | D:1      | inc the Felid Enchanter began the quest for the Orb.
     0 | D:1      | Reached XP level 1. HP: 7/7 MP: 4/4
   264 | D:1      | Reached XP level 2. HP: 8/11 MP: 6/6
  1003 | D:2      | Learned a level 2 spell: Ensorcelled Hibernation
  1799 | D:1      | Reached XP level 3. HP: 14/14 MP: 4/7
  2389 | D:2      | Noticed Natasha
  2408 | D:2      | Killed from afar by Natasha

Illustrated notes

Levels and vault maps discovered:
D:1:      psy_arrival_fountain, layout_loops_cross, kennysheep_boxes
D:2:      layout_basic, guppyfry_early_lair_pool, uniq_natasha

Skill      XL: |  1  2 |
---------------+-------+-----
Unarmed Combat | 2 3 |  3.3
Dodging        | |  2.6
Stealth        | |  4.0
Spellcasting   | |  2.0
Hexes          | |  4.4

Action                   || total
-------------------------++-------
Melee: Unarmed           ||    44
       Bite              ||     5
 Cast: Ensorcelled Hiber ||    21
       Corona            ||     4
 Stab: Sleeping          ||    22
Armor: Skin              ||     3
Dodge: Dodged            ||    29
